 Dungeon Sprint DCSS version 0.23-a0-635-g88ca12a (webtiles) character file.

3142 Lanoc the Carver (level 9, -1/85 HPs)
             Began as a Demonspawn Berserker on Dec 28, 2018.
             Was a High Priest of Trog.
             Killed from afar by a catoblepas (8 damage)
             ... with a blast of calcifying dust
             ... in the Dungeon (Sprint IX: "|||||||||||||||||||||||||||||").
             The game lasted 00:04:20 (1042 turns).

Lanoc the Carver (Demonspawn Berserker)             Turns: 1042, Time: 00:04:21

Health: -1/85      AC: 12    Str: 21    XL:     9   Next: 61%
Magic:  9/9        EV: 16    Int: 12    God:    Trog [*****.]
Gold:   0          SH:  0    Dex: 18    Spells: 8/8 levels left

rFire    . . .     SeeInvis .   m - +2 scimitar (flame)
rCold    . . .     Gourm    .   (no shield)
rNeg     . . .     Faith    .   n - +1 scale mail
rPois    .         Spirit   .   a - +0 helmet
rElec    .         Reflect  .   (no cloak)
rCorr    .         Harm     .   (no gloves)
MR       .....     NoTele   +   (no boots)
Stlth    +++.......             (no amulet)
HPRegen  0.24/turn              b - +3 ring of intelligence
MPRegen  0.11/turn              o - +2 ring of protection

@: berserk cooldown, slowed, very slow
A: claws 1, thin skeletal structure 3, nightstalker 1, robust 1
a: Berserk, Trog's Hand, Brothers in Arms, Renounce Religion


You were in the Dungeon.
You worshipped Trog.
Trog was extremely pleased with you.
You were very hungry.

You visited 1 branch

Inventory:

Hand Weapons
 m - a +2 scimitar of flaming (weapon)
 x - a +2 antimagic long sword
Missiles
 q - 8 javelins of penetration (quivered)
 r - 6 needles of sleeping
Armour
 a - a +0 helmet (worn)
 n - a +1 scale mail (worn)
Jewellery
 b - a +3 ring of intelligence (left claw)
 o - a +2 ring of protection (right claw)
Wands
 l - a wand of iceblast (10)
Scrolls
 i - 2 scrolls of blinking
 k - 5 scrolls of remove curse
 u - 4 scrolls of enchant armour
 v - a scroll of fog
Potions
 d - 5 potions of curing
 e - 3 potions of heal wounds
 f - a potion of haste
 g - 4 potions of magic
 h - a potion of berserk rage
 j - a potion of invisibility
 p - a potion of resistance
 s - 2 potions of mutation
 t - a potion of brilliance
Comestibles
 c - a ration
 w - 10 chunks of flesh


   Skills:
 + Level 10.1 Fighting
 * Level 12.5 Long Blades
 + Level 6.2 Throwing
 + Level 9.2 Armour
 + Level 9.0 Dodging


You had 8 spell levels left.
You didn't know any spells.
Your spell library was empty.

Dungeon Overview and Level Annotations

Branches:
Dungeon (1/1)

Altars:
Cheibriados
Dithmenos
Elyvilon
Fedhas
Gozag
Hepliaklqana
Kikubaaqudgha
Makhleb
Nemelex Xobeh
Okawaru
Qazlal
Ru
Sif Muna
Trog
Uskayaw
Vehumet
Wu Jian
Xom
Yredelemnul
Zin
The Shining One
Beogh
Jiyva
Lugonu


Innate Abilities, Weirdness & Mutations

You have sharp fingernails.
You have an unnaturally thin skeletal structure. (Dex +6, Stealth++)
You are slightly more attuned to the shadows.
You are robust. (+10% HP)


Message History

The blast of calcifying dust hits you!
You are engulfed in calcifying dust.
The catoblepas gores you!!
* * * LOW HITPOINT WARNING * * *
You are engulfed in calcifying dust.
The catoblepas gores you.
* * * LOW HITPOINT WARNING * * *
You are engulfed in calcifying dust.
The catoblepas gores you!
* * * LOW HITPOINT WARNING * * *
You turn to flesh and can move again.
Your troll goes berserk!
You are feeling very hungry.
You are engulfed in calcifying dust.
The catoblepas breathes a plume of calcifying dust at you.
The blast of calcifying dust hits you!
* * * LOW HITPOINT WARNING * * *
The blast of calcifying dust hits your troll.
Your troll is engulfed in calcifying dust.
Your troll is moving more slowly.
The catoblepas breathes a plume of calcifying dust at you.
The blast of calcifying dust hits you!
You die...

▓.▓.▓_▓
▓r▓.▓_▓
▓S▓.▓_▓
▓S▓.▓_▓
▓t▓.▓_▓
▓F▓.▓_▓
▓Y▓.▓_▓
▓§▓.▓_▓
▓@▓.▓_▓
▓T▓.▓_▓
▓§▓.▓_▓
▓÷▓.▓_▓
▓.▓.▓_▓
▓÷▓.▓_▓
▓.▓.▓_▓
▓†▓.▓_▓
▓.▓.▓_▓


You could see a catoblepas, 2 water moccasins, a crocodile, a bullfrog
(petrified) and a friendly troll (berserk).

Vanquished Creatures
  A hydra (D)
  A gargoyle (D)
  A spiny frog (D)
  A blink frog (D)
  3 yaks (D)
  A wraith (D)
  A hungry ghost (D)
  An acid dragon (D)
  2 water moccasins (D)
  2 porcupines (D)
  An orc warrior (D)
  An ogre (D)
  3 crocodiles (D)
  2 bullfrogs (D)
  A hound (D)
  An orc wizard (D)
  An iguana (D)
  A leopard gecko (D)
  3 orcs (D)
  A hobgoblin (D)
  A ball python (D)
  A bat (D)
  A frilled lizard (D)
  A leopard gecko zombie (D)
  A rat (D)
34 creatures vanquished.

Notes
Turn   | Place    | Note
-------+----------+-------------------------------------------
     0 | D        | Lanoc the Demonspawn Berserker began the quest for the Orb.
     0 | D        | Reached XP level 1. HP: 18/18 MP: 1/1
     6 | D        | Reached skill level 3 in Long Blades
    10 | D        | Reached ** piety under Trog
    99 | D        | Noticed an orc wizard
    99 | D        | Noticed an ogre
   105 | D        | Killed an ogre
   105 | D        | Reached skill level 5 in Long Blades
   105 | D        | Gained mutation: You have sharp fingernails. [demonic
                  | ancestry]
   105 | D        | Reached XP level 2. HP: 22/26 MP: 2/2
   105 | D        | Gained mutation: You have a somewhat thin skeletal
                  | structure. (Dex +2, Stealth) [demonic ancestry]
   105 | D        | Reached XP level 3. HP: 27/32 MP: 3/3
   105 | D        | Gained mutation: You have a moderately thin skeletal
                  | structure. (Dex +4, Stealth+) [demonic ancestry]
   105 | D        | Reached XP level 4. HP: 32/38 MP: 4/4
   107 | D        | Reached *** piety under Trog
   114 | D        | Reached skill level 5 in Fighting
   114 | D        | Reached skill level 6 in Long Blades
   118 | D        | Reached **** piety under Trog
   393 | D        | Found a roughly hewn altar of Beogh.
   393 | D        | Found a snail-covered altar of Cheibriados.
   393 | D        | Found a shadowy altar of Dithmenos.
   393 | D        | Found a white marble altar of Elyvilon.
   393 | D        | Found a blossoming altar of Fedhas.
   393 | D        | Found an opulent altar of Gozag.
   394 | D        | Found a hazy altar of Hepliaklqana.
   395 | D        | Found a viscous altar of Jiyva.
   396 | D        | Found an ancient bone altar of Kikubaaqudgha.
   397 | D        | Found a corrupted altar of Lugonu.
   398 | D        | Found a burning altar of Makhleb.
   399 | D        | Found a sparkling altar of Nemelex Xobeh.
   400 | D        | Found an iron altar of Okawaru.
   401 | D        | Found a stormy altar of Qazlal.
   402 | D        | Found a sacrificial altar of Ru.
   403 | D        | Found a deep blue altar of Sif Muna.
   404 | D        | Found a bloodstained altar of Trog.
   405 | D        | Found a hide-covered altar of Uskayaw.
   406 | D        | Found a radiant altar of Vehumet.
   407 | D        | Found an ornate altar of the Wu Jian Council.
   408 | D        | Found a shimmering altar of Xom.
   409 | D        | Found a basalt altar of Yredelemnul.
   410 | D        | Found a glowing silver altar of Zin.
   411 | D        | Found a glowing golden altar of the Shining One.
   462 | D        | Noticed a bullfrog
   462 | D        | Noticed a wraith
   462 | D        | Noticed a yak
   468 | D        | Killed a yak
   468 | D        | Reached skill level 7 in Long Blades
   468 | D        | Reached skill level 5 in Armour
   468 | D        | Reached skill level 5 in Dodging
   468 | D        | Reached XP level 5. HP: 47/47 MP: 5/5
   468 | D        | Gained mutation: You have an unnaturally thin skeletal
                  | structure. (Dex +6, Stealth++) [demonic ancestry]
   468 | D        | Reached XP level 6. HP: 53/53 MP: 6/6
   473 | D        | Killed a wraith
   473 | D        | Reached skill level 8 in Long Blades
   474 | D        | Received a gift from Trog
   480 | D        | Reached ***** piety under Trog
   480 | D        | Reached skill level 9 in Long Blades
   578 | D        | Noticed an orc warrior
   578 | D        | Noticed a yak
   578 | D        | Noticed an acid dragon
   578 | D        | Noticed a gargoyle
   578 | D        | Noticed a hungry ghost
   582 | D        | Killed a hungry ghost
   582 | D        | Reached skill level 1 in Throwing
   582 | D        | Gained mutation: You are robust. (+10% HP) [demonic
                  | ancestry]
   582 | D        | Reached XP level 7. HP: 66/66 MP: 7/7
   587 | D        | Killed a gargoyle
   587 | D        | Reached skill level 10 in Long Blades
   595 | D        | Reached XP level 8. HP: 73/74 MP: 8/8
   600 | D        | Received a gift from Trog
   901 | D        | Noticed a spiny frog
   905 | D        | Killed a spiny frog
   905 | D        | Reached skill level 11 in Long Blades
   909 | D        | Received a gift from Trog
   915 | D        | Reached skill level 5 in Throwing
   915 | D        | Gained mutation: You are slightly more attuned to the
                  | shadows. [demonic ancestry]
   915 | D        | Reached XP level 9. HP: 83/83 MP: 9/9
  1003 | D        | Noticed a catoblepas
  1003 | D        | Noticed a five-headed hydra
  1012 | D        | Reached ****** piety under Trog
  1012 | D        | Reached skill level 12 in Long Blades
  1015 | D        | Killed a two-headed hydra
  1015 | D        | Reached skill level 10 in Fighting
  1020 | D        | Received a gift from Trog
  1042 | D        | Killed from afar by a catoblepas

Vault maps used:
D:        linesprint

Skill      XL: |  1  2  3  4  5  6  7  8  9 |
---------------+----------------------------+-----
Long Blades    | 5 7 9 10 11 12 | 12.5
Armour         | 3 5 6 7 8 9 |  9.2
Dodging        | 3 5 6 7 8 9 |  9.0
Fighting       | 4 6 7 8 9 10 | 10.1
Throwing       | 1 3 5 6 |  6.2

Action                   |  1- 3 |  4- 6 |  7- 9 || total
-------------------------+-------+-------+-------++-------
Melee: Falchion          |    17 |    12 |       ||    29
       Scimitar          |       |    18 |    55 ||    73
Invok: Berserk           |     1 |     2 |     2 ||     5
       Brothers in Arms  |       |       |     1 ||     1
  Use: Potion            |       |       |     2 ||     2
 Stab: Petrified         |       |       |     2 ||     2
       Petrifying        |       |       |     1 ||     1
  Eat: Chunk             |       |     1 |     4 ||     5
Armor: Animal skin       |     4 |       |       ||     4
       Scale mail        |       |     6 |    15 ||    21
Dodge: Dodged            |    10 |     6 |    24 ||    40
       Rpst.: Falchion   |     2 |       |       ||     2
       Scimitar          |       |     2 |     7 ||     9

Table legend:
 A = Non-vault XP
 B = Vault XP
 C = Vault XP percentage of total XP
 D = Non-vault monster count
 E = Vault monster count
 F = Vault count percentage of total count
                 A         B        C        D         E       F
            +---------+---------+-------+---------+---------+-------
      Total |       0 |    4489 | 100.0 |       0 |      34 | 100.0
            +---------+---------+-------+---------+---------+-------
          D |       0 |    4489 | 100.0 |       0 |      34 | 100.0
            +---------+---------+-------+---------+---------+-------
